 Dungeon Crawl Stone Soup version 0.32-a0-12-g7fc57aa741 (webtiles) character file.

Game seed: 13582515944361554567

4358 avis the Mimic (level 10, -8/96 HPs)
             Began as an Oni Shapeshifter on Jan 14, 2024.
             Was an Initiate of Gozag.
             Mangled by a five-headed hydra (10 damage)
             ... on level 8 of the Dungeon on Jan 15, 2024.
             The game lasted 01:02:40 (10169 turns).

avis the Mimic (Oni Shapeshifter)                  Turns: 10169, Time: 01:02:41

Health: -8/96      AC:  8    Str: 20    XL:     10   Next: 34%
Magic:  8/14       EV: 14    Int: 21    God:    Gozag
Gold:   588        SH:  0    Dex:  8    Spells: 11/15 levels left

rFire   . .          .
                       - Unarmed
rCold   . . .        (shield currently unavailable)
rNeg    . . .        a - melded +0 animal skin
rPois   .            (helmet restricted)
rElec   .            (no cloak)
rCorr   .            (gloves unavailable)
SInv    .            (boots unavailable)
Will    +....        B - amulet of regeneration
Stlth   +            G - ring of flight
HPRegen 1.16/turn    m - +6 ring of intelligence
MPRegen 0.14/turn

%: no passive effects
@: lethally poisoned (-8 -> -9), ice-armoured, flux-form, gold aura, flying,
glowing
A: glow, contaminating, large, unfitting armour, horns 1, tough skin 1, double
potion healing, drunken brawling
a: Begin Untransformation, Renounce Religion, Potion Petition, Call Merchant,
Bribe Branch


You were on level 8 of the Dungeon.
You worshipped Gozag.
Gozag was pleased with you.
You were something dangerously unstable.
You visited 2 branches of the dungeon, and saw 9 of its levels.

You collected 687 gold pieces.
You paid 99 gold pieces to Gozag.

Inventory:

Hand Weapons
 D - a +2 heavy orcbow
Missiles
 c - 2 throwing nets
 e - 23 poisoned darts
 r - 6 silver javelins (quivered)
 s - 3 javelins
Armour
 a - a +0 animal skin (melded)
 C - a +0 kite shield
Jewellery
 m - a +6 ring of intelligence (right hand)
 p - a ring of see invisible
 B - an amulet of regeneration (around neck)
 G - a ring of flight (left hand)
 I - a ring of protection from cold
Talismans
 f - a flux talisman (active)
Wands
 x - a wand of iceblast (6)
Scrolls
 d - 4 scrolls of vulnerability {unknown}
 h - 3 scrolls of fear {unknown}
 i - 3 scrolls of amnesia {unknown}
 j - 4 scrolls of fog {unknown}
 k - 5 scrolls of teleportation {unknown}
 n - a scroll of blinking
 w - a scroll of revelation
 H - a scroll of butterflies {unknown}
Potions
 b - 4 potions of lignification
 o - 3 potions of enlightenment
 q - a potion of ambrosia
 u - a potion of haste
 z - 4 potions of curing
 A - 4 potions of brilliance
 F - a potion of magic


   Skills:
 - Level 5.0 Fighting
 - Level 3.0 Throwing
 - Level 5.0 Dodging
 - Level 5.0 Unarmed Combat
 - Level 3.0 Spellcasting
 - Level 6.0 Ice Magic
 * Level 9.4 Shapeshifting


You had 11 spell levels left.
You knew the following spells:

 Your Spells              Type           Power      Damage    Failure   Level
a - Sting                 Conj/Alch      12%        1d3       13%         1
o - Ozocubu's Armour      Ice            28%        N/A       3%          3

Your spell library contained the following spells:

 Spells                   Type           Power      Damage    Failure   Level
 Apportation              Tloc           6%         N/A       13%         1
 Magic Dart               Conj           12%        1d3       13%         1
 Necrotise                Necr           12%        1d4       13%         1
 Shock                    Conj/Air       12%        1d3       13%         1
 Summon Small Mammal      Summ           12%        N/A       13%         1
 Cigotuvi's Dreadful Rot  Necr/Alch/Air  6%         N/A       21%         2
 Mercury Vapours          Alch/Air       6%         N/A       21%         2
 Searing Ray              Conj           6%         2d4       21%         2
 Mephitic Cloud           Conj/Alch/Air  3%         N/A       36%         3
 Swiftness                Air            3%         N/A       36%         3
 Metabolic Englaciation   Hex/Ice        7%         N/A       71%         5
 Airstrike                Air            1%         2d(1-17)  78%         4
 Fulminant Prism          Conj/Alch      1%         3d5       78%         4
 Ignite Poison            Fire/Alch      3%         N/A       78%         4
 Freezing Cloud           Conj/Ice/Air   5%         6-21      85%         5
 Sculpt Simulacrum        Ice/Alch       7%         N/A       99%         6


Dungeon Overview and Level Annotations

Branches:
Dungeon (8/15)             Temple (1/1) D:7
   Lair: D:8-11

Altars:
Ashenzari
Cheibriados
Dithmenos
Elyvilon
Fedhas
Gozag
Hepliaklqana
Kikubaaqudgha
Makhleb
Nemelex Xobeh
Okawaru
Qazlal
Ru
Sif Muna
Trog
Uskayaw
Vehumet
Wu Jian
Xom
Yredelemnul
Zin
The Shining One


Innate Abilities, Weirdness & Mutations

You are something dangerously unstable.
You glow with magical radiation, making you easy to see and hit.
Foes you strike become dangerously contaminated with magical radiation.
You are incapable of wielding weapons or throwing items.
You are too large for most types of armour.
You have a pair of small horns on your head.
You have tough skin. (AC +1)
You gain doubled healing and magic from potions.
Whenever you drink a healing potion, you attack all around you.


Message History

The killer bee stings you. The killer bee closely misses you.
You hit the gargoyle but do no damage.
The gargoyle begins to glow.
The killer bee misses you.
A five-headed hydra comes into view.
The killer bee stings you.
The gargoyle hurls a stone arrow at you.
The stone arrow misses you.
You hit the gargoyle.
The gargoyle glows dangerously bright.
The gargoyle is lightly damaged.
The killer bee closely misses you.
A killer bee comes into view.
Your icy armour cracks and falls away as you move.
The teleport trap disappears.
The killer bee disappears!
The killer bee stings you.
You are poisoned.
The killer bee poisons you!
The five-headed hydra attacks as it pursues you!
The five-headed hydra bites you! The five-headed hydra misses you.
The five-headed hydra bites you! x3
You feel sick.
You kill the killer bee!
The gargoyle hurls a stone arrow at you.
The stone arrow hits you!!
* * * LOW HITPOINT WARNING * * *
You feel sick.
The five-headed hydra attacks as it pursues you!
The five-headed hydra bites you but does no damage.
The five-headed hydra misses you.
The five-headed hydra bites you but does no damage.
The five-headed hydra bites you.
* * * LOW HITPOINT WARNING * * *
The five-headed hydra completely misses you.
A killer bee comes into view.
You feel sick.
Okay, then.
Casting: Sting (safe; 13% risk of failure)
Confirm with . or Enter, or press ? or * to list all spells.
A film of ice covers your body!
You feel sick. The five-headed hydra bites you!
You die...
Your body crumbles into a pile of gold.

##...#######
####.......)......
................>.########
#...[.#...#...........
##.[..#.#.# #.......#
#....#.#.#(#....#..#
#...[#.#.#.#.......# #
#................#.#.#
#...##<#p###..).<....#
##...####D###..########
.ยง.......9............
........$..####.#######
#####............#
.....[.$...##..#
.......######..# ...####
...# ## ...#


You could see a five-headed hydra and a gargoyle (heavy contam).

Vanquished Creatures
  A two-headed ogre (D:7)
  Joseph (D:6)
  Sigmund (D:5)
  A vampire mosquito (D:7)
  Menkaure (D:4)
  An orc warrior (D:7)
  4 ice beasts
  2 sky beasts
  An ogre (D:3)
  2 centaurs
  2 kobold brigands (D:7)
  2 gnoll sergeants
  2 bullfrogs
  6 scorpions
  4 wights (D:6)
  2 killer bees
  4 howler monkeys
  A bombardier beetle (D:5)
  A crimson imp (D:4)
  4 jellies
  3 hounds
  An orc priest (D:7)
  A gnoll bouda (D:5)
  6 iguanas
  Jessica (D:2)
  4 orc wizards
  3 sleepcaps
  6 adders
  12 gnolls
  A white imp (D:5)
  5 ribbon worms
  2 dart slugs
  22 orcs
  6 ball pythons
  9 bats
  2 endoplasms
  5 giant cockroaches
  4 goblins
  6 hobgoblins
  4 jackals (D:1)
  13 kobolds
  A quokka (D:1)
  3 frilled lizards
  4 rats
167 creatures vanquished.

Notes
Turn   | Place    | Note
-------+----------+-------------------------------------------
     0 | D:1      | avis the Oni Shapeshifter began the quest for the Orb.
     0 | D:1      | Reached XP level 1. HP: 19/19 MP: 1/1
   133 | D:1      | Reached XP level 2. HP: 23/27 MP: 2/2
   516 | D:1      | Reached XP level 3. HP: 31/35 MP: 3/3
  1297 | D:2      | Noticed Jessica
  1302 | D:2      | Killed Jessica
  1303 | D:2      | Reached skill level 4 in Shapeshifting
  1303 | D:2      | Reached XP level 4. HP: 26/42 MP: 4/4
  2192 | D:3      | Found a basalt altar of Yredelemnul.
  2402 | D:3      | Reached XP level 5. HP: 49/49 MP: 5/5
  2569 | D:3      | Identified the +2 pair of boots of the Pits of Slime {Dex+2
                  | Stlth+}
  2597 | D:3      | Found a faded altar of an unknown god.
  3013 | D:4      | Reached skill level 5 in Shapeshifting
  3187 | D:4      | Noticed an ogre
  3217 | D:3      | Killed an ogre
  3222 | D:3      | Learned a level 3 spell: Ozocubu's Armour
  3302 | D:4      | Reached skill level 1 in Ice Magic
  3302 | D:4      | Reached XP level 6. HP: 40/57 MP: 9/9
  3375 | D:4      | Found a burning altar of Makhleb.
  3543 | D:4      | Noticed Menkaure
  3552 | D:4      | Killed Menkaure
  3553 | D:4      | Reached XP level 7. HP: 60/65 MP: 7/10
  3585 | D:4      | Found a shimmering blue altar of Sif Muna.
  3625 | D:4      | Reached skill level 6 in Shapeshifting
  3830 | D:4      | Found a radiant altar of Vehumet.
  3989 | D:5      | Entered Level 5 of the Dungeon
  4104 | D:5      | Learned a level 1 spell: Sting
  4373 | D:5      | Reached skill level 7 in Shapeshifting
  4373 | D:5      | Reached XP level 8. HP: 72/72 MP: 5/11
  5176 | D:5      | Reached skill level 1 in Throwing
  5280 | D:5      | Found a snail-covered altar of Cheibriados.
  5281 | D:5      | Found a sparkling altar of Nemelex Xobeh.
  5308 | D:5      | Found a broken altar of Ashenzari.
  5313 | D:5      | Noticed Sigmund
  7225 | D:6      | Reached skill level 8 in Shapeshifting
  7225 | D:6      | Reached XP level 9. HP: 78/81 MP: 7/13
  7653 | D:5      | Killed Sigmund
  7654 | D:5      | Reached skill level 5 in Ice Magic
  7864 | D:7      | Found a staircase to the Ecumenical Temple.
  7912 | D:7      | Noticed Joseph
  8031 | D:6      | Killed Joseph
  8032 | D:6      | Reached skill level 9 in Shapeshifting
  8124 | Temple   | Entered the Ecumenical Temple
  8129 | Temple   | Became a worshipper of Gozag Ym Sagoz the Greedy
  8213 | D:7      | Reached skill level 5 in Fighting
  9497 | D:8      | Reached XP level 10. HP: 74/96 MP: 10/14
  9566 | D:8      | Noticed a two-headed ogre
  9601 | D:7      | Killed a two-headed ogre
  9602 | D:7      | Reached skill level 5 in Unarmed Combat
  9789 | D:7      | Reached skill level 5 in Dodging
 10036 | D:8      | Identified the +12 chain mail of Responsibility {Harm
                  | Dex+2}
 10158 | D:8      | Noticed a gargoyle
 10163 | D:8      | Noticed a five-headed hydra
 10167 | D:8      | HP: 1/96 [five-headed hydra (6)]
 10169 | D:8      | Mangled by a five-headed hydra

Illustrated notes

Levels and vault maps discovered:
D:1:      minmay_arrival_cross, layout_basic, minmay_misc_feat_tiny,
          minmay_heptomino_l4
D:2:      layout_basic, uniq_jessica
D:3:      minmay_general_purpose_star, layout_loops_ring,
          mainiacjoe_overflow_tiny_flanked,
          dreamdust_ecumenical_altar_angels_and_demons
D:4:      layout_rooms, mainiacjoe_overflow_small_starburst,
          grunt_temple_overflow_lords_of_destruction, serial_curves,
          eino_curves_01, eino_curves_01, uniq_menkaure
D:5:      layout_loops_cross, chequers_temple_overflow_statue_of_worship,
          nicolae_overflow_hidden_temple, uniq_sigmund
D:6:      layout_loops_ring, serial_glass, glass_columns_b, glass_columns_b
D:7:      layout_basic, minmay_temple_entry_large_hall, nicolae_grassy_gnolls,
          uniq_joseph
D:8:      minmay_ornate_pinched, layout_basic, lair_entry_dummy,
          minmay_guarded_unrand_staff_of_olgreb
Temple:   minmay_freezing_vapour_temple

Skill      XL: |  1  2  3  4  5  6  7  8  9 10 |
---------------+-------------------------------+-----
Fighting       | 2 3 5 |  5.0
Unarmed Combat | 3 4 5 |  5.0
Dodging        | 2 4 5 |  5.0
Shapeshifting  | 4 5 7 8 9 |  9.4
Spellcasting   | 2 3 |  3.0
Ice Magic      | 1 4 6 |  6.0
Throwing       | 3 |  3.0

Action                     |  1- 3 |  4- 6 |  7- 9 | 10-12 || total
---------------------------+-------+-------+-------+-------++-------
  Melee: Unarmed           |    68 |   138 |   337 |    69 ||   612
         Headbutt          |    12 |    20 |    78 |    21 ||   131
         Punch             |     1 |     4 |     1 |       ||     6
   Cast: Ozocubu's Armour  |       |     2 |    52 |    13 ||    67
         Sting             |       |       |    73 |     2 ||    75
  Evoke: Wand              |       |     1 |       |       ||     1
    Use: Potion            |       |     2 |     1 |     1 ||     4
         Scroll            |       |       |     9 |     1 ||    10
   Stab: Sleeping          |       |     1 |       |       ||     1
 Armour: Animal skin       |    37 |    75 |    34 |       ||   146
         Skin              |       |       |   215 |    70 ||   285
  Dodge: Dodged            |    32 |    54 |   228 |    72 ||   386
   Form: Flux              |       |       |     1 |       ||     1

Table legend: (Time is in decaauts)
 A = Elapsed time spent in this place.
 B = Non-inter-level travel time spent in this place.
 C = Inter-level travel time spent in this place.
 D = Time resting spent in this place.
 E = Time spent auto-exploring this place.
 F = Levels seen in this place.
 G = Mean time per level.
                   A        B        C        D        E       F      G
               +--------+--------+--------+--------+--------+-----+--------+
         Total |  10164 |   9044 |   1120 |   2865 |   4148 |   9 | 1129.3 |
       Dungeon |  10122 |   9002 |   1120 |   2865 |   4148 |   8 | 1265.2 |
        Temple |     42 |     42 |      0 |      0 |      0 |   1 |   42.0 |
               +--------+--------+--------+--------+--------+-----+--------+

Top non-repeatable levels by time:
     D:5: 2662 daAuts
     D:7: 1975 daAuts
     D:6: 1360 daAuts
     D:1: 1137 daAuts
     D:2: 1092 daAuts
     D:3: 962 daAuts
     D:4: 793 daAuts
     D:8: 137 daAuts
  Temple: 42 daAuts
